 Dungeon Crawl Stone Soup version 0.27-a0-1431-gcffa5a9b16 (webtiles) character file.

Game seed: 6790398450583515867

22 freelancePsychic the Magician (level 3, -3/27 HPs)
             Began as a Djinni Arcane Marksman on July 3, 2021.
             Killed by an exploding adder (14 damage)
             ... ignited by their inner flame
             ... on level 2 of the Dungeon.
             The game lasted 00:01:20 (1204 turns).

freelancePsychic the Magician (DjAM)                Turns: 1204, Time: 00:01:21

Health: -3/27      AC:  2    Str:  9    XL:     3   Next: 7%
Gold:   125        EV: 12    Int: 15    God:
                   SH:  0    Dex: 13

rFire    + + .     SeeInvis .   a - +0 shortbow
rCold    x . .     Faith    .   (shield currently unavailable)
rNeg     . . .     Spirit   .   d - +0 robe
rPois    ∞         Reflect  .   (no helmet)
rElec    .         Harm     .   (no cloak)
rCorr    .         Rampage  .   (no gloves)
Will     .....                  (boots unavailable)
Stlth    +.........             (no amulet)
HPRegen  0.09/turn              (no ring)
MPRegen  0.00/turn              (no ring)

@: flying
A: sickness immunity, fire resistance 2, cold vulnerability 1, float, innate
caster, hp casting, extra vitality 1
a: no special abilities


You were on level 2 of the Dungeon.
You visited 1 branch of the dungeon, and saw 2 of its levels.

You collected 125 gold pieces.

Inventory:

Hand Weapons
 a - a +0 shortbow (weapon)
 g - a +2 dagger of speed
Missiles
 c - 12 arrows (quivered ammo)
Armour
 d - a +0 robe (worn)
Scrolls
 e - a scroll of identify {unknown}
Potions
 b - a potion of curing {unknown}
 f - a potion of heal wounds {unknown}
 h - a potion of flight {unknown}


   Skills:
 + Level 1.5 Fighting
 - Level 1.5 Bows
 + Level 2.6 Dodging
 * Level 2.8 Spellcasting


You couldn't memorise any spells.
You knew the following spells:

 Your Spells              Type           Power      Damage    Failure   Level
a - Corona                Hex            11%        N/A       6%          1
b - Slow                  Hex            10%        N/A       10%         2
c - Inner Flame           Hex/Fire       10%        N/A       19%         3
d - Portal Projectile     Hex/Tloc       20%        N/A       19%         3
e - Cause Fear            Hex            5%         N/A       54%         4
f - Leda's Liquefaction   Hex/Erth       5%         N/A       54%         4
g - Pain                  Necr           40%        1d6       6%          1
Your spell library was empty.

Dungeon Overview and Level Annotations

Branches:
Dungeon (2/15)

Altars:


Innate Abilities, Weirdness & Mutations

You are immune to sickness and miasma.
You are immune to poison.
Your flesh is very heat resistant. (rF++)
You are vulnerable to cold. (rC-)
You float through the air rather than walking.
You learn spells naturally, not from books.
Your magical power is your life essence.
You have superior vitality. (+4 HP)


Message History

a +0 short sword; a kobold corpse An adder comes into view.
You shoot an arrow. The arrow hits the adder.
The adder is lightly wounded.
c - 14 arrows (gained 1) 2 jackals come into view.
The jackal barks!
A jackal comes into view.
Found a scale mail.
Found a stone staircase leading down.
You see here 28 arrows.
The adder struggles to resist.
The jackal barks! x2; You hear an angry hiss.
A ball python comes into view.
The ball python moves out of view.
The adder struggles to resist.
The adder bites you.
You shoot an arrow. The arrow barely misses the adder.
The adder closely misses you. x2
You shoot an arrow. The arrow hits the adder.
The adder is moderately wounded.
The adder bites you.
Casting: Pain (safe; 6% risk of failure)
Confirm with . or Enter, or press ? or * to list all spells.
Okay, then.
Casting: Pain (safe; 6% risk of failure)
Confirm with . or Enter, or press ? or * to list all spells.
The spell is quite dangerous to cast (19% risk of failure)!
Continue anyway?
Aiming: Inner Flame (quite dangerous; 19% risk of failure)
Press: ? - help, Shift-Dir - straight line, f/p - adder
Aim: an adder (moderately wounded, chance to affect: 67%)
The adder is filled with an inner flame.
The adder bites you. The adder closely misses you.
Aiming: Pain (safe; 6% risk of failure)
Press: ? - help, Q - select action, (/) - cycle Shift-Dir - straight line, f/p - adder
Aim: an adder (moderately wounded, inner flame, chance to affect: 71%)
The adder writhes in agony.
Flame seeps out of the adder.
The adder is engulfed in blazing flames.
The adder explodes!
The fiery explosion engulfs you! You resist.
Ouch! That really hurt!
You die...

####.# #....#
. #....# (.
#.... ..
#.... ..
#...# .#
#...##h.#..#
###.@○h....(
#...##h#....
##.### .. .
##..# ...
##...### [..
##).....# >.
##.....#.....
.
#<.....####..
#####.## .


You could see 3 jackals.

Vanquished Creatures
  An adder (D:2)
  A dart slug (D:1)
  A bat (D:1)
  4 endoplasms (D:1)
  2 giant cockroaches (D:1)
  A goblin (D:1)
  A hobgoblin (D:1)
  2 quokkas (D:1)
  3 ball pythons (D:1)
  A frilled lizard (D:1)
  A kobold (D:2)
  A rat (D:1)
19 creatures vanquished.

Vanquished Creatures (others)
  5 toadstools (D:1)
5 creatures vanquished.

Grand Total: 24 creatures vanquished

Notes
Turn   | Place    | Note
-------+----------+-------------------------------------------
     0 | D:1      | freelancePsychic the Djinni Arcane Marksman began the quest
                  | for the Orb.
     0 | D:1      | Reached XP level 1. HP: 17/17 MP: 0/0
   206 | D:1      | Reached XP level 2. HP: 13/22 MP: 0/0
   629 | D:1      | Reached XP level 3. HP: 27/27 MP: 0/0
   629 | D:1      | Learned a level 1 spell: Pain
  1204 | D:2      | Killed by an exploding adder... ignited by their inner
                  | flame

Illustrated notes

Levels and vault maps discovered:
D:1:      wander_arrival_peaceful_grave, layout_loops_ring,
          hangedman_abyss_or_decor_stabs, moated_statue,
          minmay_gold_behind_fungi, grunt_decor_one_mirror,
          grunt_decor_resistance, minmay_tetromino_i4
D:2:      layout_rooms, kennysheep_donut, minmay_divided_ellipse, uniq_robin

Action                   || total
-------------------------++-------
 Fire: Shortbow          ||    57
 Cast: Pain              ||     4
       Inner Flame       ||     1
Armor: Robe              ||     3
Dodge: Dodged            ||    28

Table legend: (Time is in decaauts)
 A = Elapsed time spent in this place.
 B = Non-inter-level travel time spent in this place.
 C = Inter-level travel time spent in this place.
 D = Time resting spent in this place.
 E = Time spent auto-exploring this place.
 F = Levels seen in this place.
 G = Mean time per level.
                   A        B        C        D        E       F      G
               +--------+--------+--------+--------+--------+-----+--------+
         Total |   1217 |   1199 |     18 |      0 |   1070 |   2 |  608.5 |
       Dungeon |   1217 |   1199 |     18 |      0 |   1070 |   2 |  608.5 |
               +--------+--------+--------+--------+--------+-----+--------+

Top non-repeatable levels by time:
     D:1: 1175 daAuts
     D:2: 41 daAuts
